 Dungeon Crawl Stone Soup version 0.28-a0-1638-g9123634e07 (webtiles) character file.

Game seed: 7268949873307339029

11482 wakim the Grappler (level 11, -11/107 HPs)
             Began as a Troll Hunter on Jan 25, 2022.
             Was a Priest of Uskayaw.
             Mangled by a dire elephant simulacrum (27 damage)
             ... in an ice cave.
             The game lasted 00:35:39 (10363 turns).

wakim the Grappler (Troll Hunter)                  Turns: 10363, Time: 00:35:39

Health: -11/107    AC:  4    Str: 22    XL:     11   Next: 49%
Magic:  14/14      EV: 11    Int: 11    God:    Uskayaw [***...]
Gold:   470        SH:  0    Dex: 17    Spells: 10/10 levels left

rFire   x . .      SeeInvis .     - Unarmed
rCold   + + .      Faith    .   U - +5 kite shield "Ceiruten" {rC+ rN+ Will+ Dex+3}
rNeg    + . .      Spirit   .   I - +0 robe "Rilierghi" {rElec Int+4}
rPois   .          Reflect  .   X - +0 hat
rElec   +          Harm     .   (no cloak)
rCorr   .          Rampage  .   (gloves unavailable)
Will    +....                   (boots unavailable)
Stlth   +.........              Y - amulet of magic regeneration
HPRegen 1.07/turn               y - +4 ring of slaying
MPRegen 0.54/turn               H - ring of ice

@: confused, ambrosia-drunk
A: large, unfitting armour, claws 3, regeneration 1, shaggy fur 1, tough skin 1
a: Renounce Religion, Stomp, Line Pass


You were in an ice cave.
You worshipped Uskayaw.
Uskayaw was noncommittal.
You visited 3 branches of the dungeon, and saw 13 of its levels.
You also visited: Ice Cave.

You collected 470 gold pieces.

Inventory:

Hand Weapons
 b - a +5 trident of protection
Missiles
 c - 8 large rocks {=f}
 j - 24 poisoned darts
 s - 317 stones (quivered)
 W - 9 boomerangs
 Z - 2 throwing nets {=f!f}
Armour
 I - the +0 robe "Rilierghi" (worn) {rElec Int+4}
   (You found it on level 3 of the Dungeon)

   Int:       It affects your intelligence (+4).
   rElec:     It insulates you from electricity.
 P - +0 acid dragon scales
 U - the +5 kite shield "Ceiruten" (worn) {rC+ rN+ Will+ Dex+3}
   (You acquired it on level 8 of the Dungeon)

   Dex:       It affects your dexterity (+3).
   rC:        It protects you from cold.
   rN:        It protects you from negative energy.
   Will:      It increases your willpower.
 X - a +0 hat (worn)
Jewellery
 t - a ring of magical power
 y - a +4 ring of slaying (left claw)
 H - a ring of ice (right claw)
 Y - an amulet of magic regeneration (around neck)
Wands
 v - a wand of flame (3)
 x - a wand of iceblast (3)
 z - a wand of polymorph (5)
Scrolls
 Q - 4 scrolls of immolation {!r!r}
 R - 3 scrolls of enchant armour
 S - 2 scrolls of summoning
 T - 4 scrolls of teleportation
 V - 2 scrolls of vulnerability {!r!r}
Potions
 B - 2 potions of attraction {!q}
 C - a potion of berserk rage {!q}
 D - 2 potions of brilliance
 F - 4 potions of curing
 G - 2 potions of flight
 K - a potion of magic
 L - 3 potions of lignification {!q}
 N - a potion of might
 O - a potion of resistance


   Skills:
 + Level 6.6 Fighting
 + Level 8.1 Throwing
 - Level 5.2 Dodging
 - Level 0.3 Stealth
 * Level 5.7 Shields
 + Level 9.7 Unarmed Combat
 + Level 5.8 Invocations


You had 10 spell levels left.
You didn't know any spells.
Your spell library contained the following spells:

 Spells                   Type           Power      Damage    Failure   Level
 Animate Skeleton         Necr           0%         N/A       58%         1
 Beastly Appendage        Tmut           0%         N/A       58%         1
 Pain                     Necr           0%         1d4       58%         1
 Wereblood                Tmut           0%         N/A       75%         2
 Spider Form              Tmut/Pois      0%         N/A       92%         3
 Vampiric Draining        Necr           0%         2d6       92%         3
 Hailstorm                Conj/Ice       0%         3d3       100%        4
 Ice Form                 Ice/Tmut       0%         N/A       100%        4
 Passage of Golubria      Tloc           0%         N/A       100%        4
 Silence                  Hex/Air        0%         N/A       100%        5
 Simulacrum               Ice/Necr       0%         N/A       100%        6
 Lehudib's Crystal Spear  Conj/Erth      0%         10d2      100%        8


Dungeon Overview and Level Annotations

Branches:
Dungeon (10/15)            Temple (1/1) D:6            Lair (2/6) D:9
  IceCv (1/1)
  Swamp: Lair:2-4    Shoals: Lair:2-4     Snake: Lair:2-4    Spider: Lair:2-4
    Orc: D:9-12

Altars:
Cheibriados
Elyvilon
Fedhas
Hepliaklqana
Kikubaaqudgha
Makhleb
Nemelex Xobeh
Ru
Sif Muna
Uskayaw
Wu Jian
Yredelemnul
The Shining One

Shops:
D:8 *

Annotations:
D:3 3 runed translucent doors, p0werm0de's ghost, amateur DjCK
D:10 Erolcha
Lair:2 1 runed translucent door, Xairgh's ghost, journeyman HOGl


Innate Abilities, Weirdness & Mutations

You are too large for most types of armour.
You have claws for hands.
Your natural rate of healing is unusually fast.
You are covered in fur. (AC +1)
You have tough skin. (AC +1)


Message History

You can now pass through a line of other dancers.
You mangle the anaconda simulacrum!!
The anaconda simulacrum vaporises!
The harpy simulacrum claws you but does no damage.
You block the harpy simulacrum's attack.
You mangle the harpy simulacrum!!
The harpy simulacrum is almost destroyed.
You block the harpy simulacrum's attack.
The harpy simulacrum closely misses you.
The harpy simulacrum barely misses you. The harpy simulacrum claws you.
* * * LOW HITPOINT WARNING * * *
The harpy simulacrum freezes you. You resist.
* * * LOW HITPOINT WARNING * * *
You block the harpy simulacrum's attack.
The harpy simulacrum claws you but does no damage.
Uskayaw will force your foes to helplessly watch your dance.
Uskayaw prepares the audience for your solo!
The helpless harpy simulacrum fails to defend itself.
You claw the harpy simulacrum!
The harpy simulacrum vaporises!
The dire elephant simulacrum is no longer paralysed.
You claw the dire elephant simulacrum!
The dire elephant simulacrum is lightly damaged.
You block the dire elephant simulacrum's attack. x2
You scratch the dire elephant simulacrum but do no damage.
The dire elephant simulacrum is lightly damaged.
The dire elephant simulacrum tramples you!!
* * * LOW HITPOINT WARNING * * *
You hold your ground!
The dire elephant simulacrum barely misses you.
Okay, then.
Aiming: Throw Flame
Press: ? - help, Shift-Dir - straight line, f - dire elephant simulacrum
Aim: a dire elephant simulacrum (lightly damaged, 100% to hit)
The puff of flame hits the dire elephant simulacrum but does no damage.
The dire elephant simulacrum is lightly damaged.
You are confused.
You feel invigorated.
The dire elephant simulacrum tramples you!!
You die...

######## ########
#...Z@.## ##......###
#...###..####.....##..#
#(.⌠ ##...#....######≈
##. ###...####≈≈≈≈≈≈ #
##### ##≈≈≈≈≈ ##≈≈≈≈
≈≈≈≈≈≈ .#≈≈≈≈≈ ...#≈≈≈≈


You could see a dire elephant simulacrum.

Vanquished Creatures
  2 boulder beetles (Lair:1)
  A guardian serpent (Lair:1)
  An elephant (D:9)
  3 cane toads (Lair:1)
  2 komodo dragons
  An anaconda simulacrum (IceCv)
  An entropy weaver simulacrum (IceCv)
  3 blink frogs (Lair:1)
  3 yaks (Lair:1)
  3 basilisks
  A wyvern (D:8)
  A death yak simulacrum (Lair:2)
  2 steam dragons
  A harpy simulacrum (IceCv)
  2 acid dragons (D:9)
  5 water moccasins
  A hornet zombie (D:6)
  2 orc warriors (D:9)
  4 black bears
  2 ice beasts (D:6)
  2 ogres
  5 necrophages
  4 centaurs
  A kobold brigand (D:8)
  5 bullfrogs
  3 two-headed ogre simulacra (IceCv)
  4 scorpions
  A wyvern zombie (D:8)
  2 cane toad simulacra (IceCv)
  2 water moccasin skeletons
  2 elephant simulacra
  9 wights
  4 killer bees (D:9)
  4 howler monkeys
  4 centaur zombies
  5 hounds
  3 orc priests (D:9)
  2 bullfrog skeletons (D:6)
  A centaur skeleton (D:5)
  A scorpion zombie (D:5)
  7 iguanas
  Natasha (thrice) (D:3)
  5 orc wizards
  3 polar bear simulacra
  2 spriggan simulacra (IceCv)
  2 killer bee zombies (D:7)
  2 troll simulacra (IceCv)
  A wolf simulacrum (IceCv)
  A hound zombie (D:5)
  A hound skeleton (D:4)
  A mummy (D:7)
  A howler monkey zombie (D:7)
  Robin (D:3)
  8 adders
  4 naga simulacra (IceCv)
  A shadow imp (D:7)
  3 white imps
  4 ufetubi (IceCv)
  A worm (D:2)
  5 dart slugs
  17 orcs
  6 endoplasms
  3 giant cockroaches (D:3)
  15 goblins
  6 hobgoblins
  13 kobolds
  2 quokkas (D:1)
  11 ball pythons
  8 bats
  5 frilled lizards
  4 rats
251 creatures vanquished.

Vanquished Creatures (others)
  11 fungi
  7 plants
18 creatures vanquished.

Grand Total: 269 creatures vanquished

Notes
Turn   | Place    | Note
-------+----------+-------------------------------------------
     0 | D:1      | wakim the Troll Hunter began the quest for the Orb.
     0 | D:1      | Reached XP level 1. HP: 19/19 MP: 0/0
    71 | D:1      | Reached XP level 2. HP: 28/28 MP: 1/1
   121 | D:1      | Reached skill level 1 in Unarmed Combat
   122 | D:1      | !bestwep
   228 | D:1      | Found a faded altar of an unknown god.
   414 | D:1      | Reached XP level 3. HP: 31/35 MP: 2/2
   545 | D:2      | !bestwep
   750 | D:2      | Reached skill level 2 in Unarmed Combat
   750 | D:2      | Reached XP level 4. HP: 35/42 MP: 3/3
  1313 | D:3      | Found an ancient bone altar of Kikubaaqudgha.
  1502 | D:3      | Found a runed translucent gate.
  1502 | D:3      | Found a runed translucent gate.
  1530 | D:3      | Noticed Robin
  1550 | D:3      | Reached XP level 5. HP: 42/50 MP: 4/4
  1552 | D:3      | Killed Robin
  1601 | D:3      | Noticed Natasha
  1606 | D:3      | Killed Natasha
  1607 | D:3      | Reached skill level 3 in Unarmed Combat
  1799 | D:3      | Found a runed translucent gate.
  1803 | D:3      | Noticed p0werm0de's ghost (amateur DjCK)
  1911 | D:3      | Noticed Natasha
  1923 | D:3      | Killed Natasha
  2086 | D:3      | Identified the +0 robe "Rilierghi" {rElec Int+4}
  2144 | D:3      | Noticed Natasha
  2156 | D:3      | Killed Natasha
  2431 | D:4      | Reached XP level 6. HP: 59/59 MP: 5/5
  2612 | D:4      | Reached skill level 4 in Unarmed Combat
  3335 | D:5      | Entered Level 5 of the Dungeon
  3342 | D:5      | Reached XP level 7. HP: 65/67 MP: 6/6
  3869 | D:5      | Reached skill level 5 in Unarmed Combat
  3910 | D:5      | Reached skill level 5 in Throwing
  4332 | D:6      | Found a staircase to the Ecumenical Temple.
  4341 | Temple   | Entered the Ecumenical Temple
  4531 | Temple   | Became a worshipper of Uskayaw the Reveller
  4593 | D:6      | Reached * piety under Uskayaw
  4594 | D:6      | Reached XP level 8. HP: 78/78 MP: 7/7
  4599 | D:6      | Reached ** piety under Uskayaw
  4662 | D:6      | Reached *** piety under Uskayaw
  4664 | D:6      | Reached skill level 6 in Unarmed Combat
  4664 | D:6      | Reached skill level 1 in Invocations
  5068 | D:6      | Reached **** piety under Uskayaw
  5069 | D:6      | Reached skill level 7 in Unarmed Combat
  5323 | D:7      | Reached XP level 9. HP: 78/85 MP: 9/9
  5359 | D:7      | !bestwep
  5931 | D:7      | You fall into a shaft and drop 1 floor!
  6094 | D:7      | Reached skill level 8 in Unarmed Combat
  6251 | D:8      | Reached skill level 5 in Fighting
  6251 | D:8      | Reached skill level 5 in Dodging
  6298 | D:8      | Found Figikk's Assorted Antiques.
  7042 | D:8      | Identified a scroll of acquirement
  7042 | D:8      | Acquired the +5 kite shield "Ceiruten" {rC+ rN+ Will+
                  | Dex+3}
  7330 | D:9      | Reached skill level 1 in Shields
  7333 | D:9      | Reached XP level 10. HP: 53/96 MP: 2/11
  7369 | D:9      | Noticed an elephant
  7477 | D:9      | Noticed a death knight
  7630 | D:9      | Found a staircase to the Lair.
  8109 | D:9      | Killed an elephant
  8416 | D:10     | Entered Level 10 of the Dungeon
  8425 | D:10     | Noticed Erolcha
  8450 | Lair:1   | Entered Level 1 of the Lair of Beasts
  8556 | Lair:1   | Noticed a cane toad
  8582 | Lair:1   | Killed a cane toad
  8586 | Lair:1   | Reached skill level 9 in Unarmed Combat
  8930 | Lair:1   | Noticed a cane toad
  8938 | Lair:1   | Killed a cane toad
  8943 | Lair:1   | Reached skill level 5 in Invocations
  9323 | Lair:1   | Noticed a boulder beetle
  9349 | Lair:1   | Killed a boulder beetle
  9350 | Lair:1   | Reached XP level 11. HP: 50/105 MP: 13/13
  9547 | Lair:1   | Noticed a boulder beetle
  9564 | Lair:1   | Killed a boulder beetle
  9579 | Lair:1   | Reached skill level 5 in Shields
  9674 | Lair:1   | Found the +3 pair of seven-league boots {Rampage+∞}
  9765 | Lair:1   | Reached ***** piety under Uskayaw
  9932 | Lair:2   | Noticed a seven-headed hydra
  9983 | Lair:2   | Found a runed translucent door.
  9985 | Lair:2   | Noticed Xairgh's ghost (journeyman HOGl)
 10037 | Lair:2   | Found a frozen archway.
 10057 | IceCv    | Entered an ice cave
 10363 | IceCv    | Mangled by a dire elephant simulacrum

Illustrated notes

###########
#.........# ####
#.........# #...##
#.........# #......
#.........# .......
#...>.....#####.......
#.............@.......
#.........####..?.....
#.........# ###......
#####.##### ..#### #.#
.# #######.# ..
.....##.# .. .....##.#
... .....##.#


Turn 122 on D:1: !bestwep .. ##### ... #...# .(.. ###...##.... #......((..#
#...@...#..# ###.........## ....##...##.## ###. #.).# .# #.###.###.###
#...[.......# #..##.###.... #.####..##.# .# ...........# Turn 545 on D:2:
!bestwep #. ..(## ≈≈≈. #.#.... ≈≈≈.###<#...# ≈≈..../....### ..P..#....(..# #
###..#.....!.# #?#............# #.# #.)@....# ... #..)....# #.###†###.#.#
#.....# .# # ###.### . #<# .. #.# .. #.# ... #.# Turn 5359 on D:7: !bestwep

Levels and vault maps discovered:
D:1:      matt_arrival_grand_opening, layout_rooms,
          ebering_ecumenical_altar_abandoned
D:2:      layout_loops_ring
D:3:      minmay_wonky_spiral, layout_basic, marbit_many_paths,
          gammafunk_ghost_necromancy, uniq_robin, uniq_natasha
D:4:      layout_basic
D:5:      layout_loops_corners, minmay_crossroads
D:6:      layout_cave_pools, temple_statues
D:7:      layout_loops_ring, serial_undead, serial_undead_e, serial_undead_e,
          serial_undead_f, serial_undead_d, grunt_ministairs_10
D:8:      layout_cave_pods, serial_shops, shop
D:9:      layout_stronghold, david_lair_generic
D:10:     layout_basic, serial_shops, nicolae_shop_hallway_stairs, uniq_erolcha
Temple:   kilobyte_greek_temple
Lair:1:   layout_loops_ring, hellmonk_guarded_unrand_seven_league_boots
Lair:2:   layout_misc_corridors, minmay_shoals_entry_centaurs,
          ebering_ghost_inner_flame, portal_ice_cave_entry_ice_simulacra
IceCv:    ice_cave_caverns_02

Skill      XL: |  1  2  3  4  5  6  7  8  9 10 11 |
---------------+----------------------------------+-----
Unarmed Combat | 1 2 3 4 5 7 8 9 |  9.7
Fighting       | 2 3 4 5 6 |  6.6
Dodging        | 2 3 4 5 |  5.2
Throwing       | 4 5 6 7 8 |  8.1
Invocations    | 2 3 5 |  5.8
Shields        | 1 4 5 |  5.7
Stealth        | |  0.3

Action                   |  1- 3 |  4- 6 |  7- 9 | 10-12 || total
-------------------------+-------+-------+-------+-------++-------
Melee: Unarmed           |    65 |   102 |   187 |   219 ||   573
       Punch             |       |     1 |     2 |       ||     3
Throw: Stone             |    31 |    85 |   139 |    85 ||   340
       Large rock        |     3 |       |       |       ||     3
       Dart              |       |     3 |       |    14 ||    17
       Boomerang         |       |       |       |     3 ||     3
Invok: Stomp             |       |       |     5 |     3 ||     8
Evoke: Wand              |       |       |       |     7 ||     7
  Use: Scroll            |       |       |    26 |     3 ||    29
       Potion            |       |       |       |     1 ||     1
 Stab: Paralysed         |       |       |    10 |    14 ||    24
       Sleeping          |       |       |     1 |       ||     1
Armor: Robe              |    16 |    19 |    30 |    17 ||    82
Dodge: Dodged            |    41 |    38 |    95 |    59 ||   233
Block: Kite shield       |       |       |    14 |   127 ||   141

Table legend: (Time is in decaauts)
 A = Elapsed time spent in this place.
 B = Non-inter-level travel time spent in this place.
 C = Inter-level travel time spent in this place.
 D = Time resting spent in this place.
 E = Time spent auto-exploring this place.
 F = Levels seen in this place.
 G = Mean time per level.
                   A        B        C        D        E       F      G
               +--------+--------+--------+--------+--------+-----+--------+
         Total |  10327 |   9781 |    546 |    159 |   7202 |  14 |  737.6 |
       Dungeon |   8185 |   7691 |    494 |     51 |   5773 |  10 |  818.5 |
        Temple |    220 |    191 |     29 |      0 |    185 |   1 |  220.0 |
          Lair |   1609 |   1586 |     23 |     59 |   1141 |   2 |  804.5 |
      Ice Cave |    312 |    312 |      0 |     49 |    103 |   1 |  312.0 |
               +--------+--------+--------+--------+--------+-----+--------+

Top non-repeatable levels by time:
  Lair:1: 1475 daAuts
     D:9: 1251 daAuts
     D:4: 1135 daAuts
     D:3: 1064 daAuts
     D:5: 987 daAuts
     D:8: 977 daAuts
     D:7: 862 daAuts
     D:6: 745 daAuts
     D:2: 635 daAuts
     D:1: 504 daAuts
   IceCv: 312 daAuts
  Temple: 220 daAuts
  Lair:2: 134 daAuts
    D:10: 20 daAuts
